 Dungeon Crawl Stone Soup version 0.25-a0-663-gace7076f2c (webtiles) character file.

Game seed: 12234685290989424522, levelgen mode: deterministic

88 Mehrunes the Grave Robber (level 4, 0/37 HPs)
             Began as a Hill Orc Necromancer on Mar 25, 2020.
             Slain by an orc priest
             ... wielding a +0 short sword
              (4 damage)
             ... on level 2 of the Dungeon.
             The game lasted 00:07:11 (3031 turns).

Mehrunes the Grave Robber (Hill Orc Necromancer)    Turns: 3031, Time: 00:07:12

Health: 0/37       AC:  6    Str: 11    XL:     4   Next: 53%
Magic:  15/15      EV: 10    Int: 15    God:
Gold:   118        SH:  0    Dex: 11    Spells: 1/6 levels left

rFire    . . .     SeeInvis .   r - +0 short sword (venom)
rCold    . . .     Gourm    .   (no shield)
rNeg     . . .     Faith    .   k - +0 ring mail
rPois    .         Spirit   .   j - +0 helmet
rElec    .         Reflect  .   (no cloak)
rCorr    .         Harm     .   (no gloves)
MR       .....                  (no boots)
Stlth    +.........             (no amulet)
HPRegen  0.12/turn              i - ring of magical power
MPRegen  0.14/turn              (no ring)

@: no status effects
A: no striking features
a: Convert to Beogh


You were on level 2 of the Dungeon.
You were hungry.

You visited 1 branch of the dungeon, and saw 3 of its levels.

You collected 118 gold pieces.

Inventory:

Hand Weapons
 l - a +0 spear
 o - a +4 hunting sling
 r - a +0 short sword of venom (weapon)
Missiles
 m - 21 sling bullets
 p - 35 stones (quivered)
Armour
 a - a +0 robe
 j - a +0 helmet (worn)
 k - a +0 ring mail (worn)
Jewellery
 i - a ring of magical power (left hand)
Scrolls
 e - 3 scrolls of identify {unknown}
 g - a scroll of remove curse {unknown}
 h - 2 scrolls of enchant weapon {unknown}
 n - a scroll of enchant armour {unknown}
Potions
 d - a potion of heal wounds {unknown}
 f - a potion of brilliance {unknown}
Comestibles
 c - 4 rations
 q - 4 chunks of flesh


   Skills:
 + Level 2.8 Fighting
 + Level 1.8 Armour
 - Level 1.5 Dodging
 - Level 1.5 Stealth
 - Level 1.5 Spellcasting
 + Level 4.8 Necromancy


You had one spell level left.
You knew the following spells:

 Your Spells              Type           Power        Failure   Level  Hunger
a - Pain                  Necr           ###.         8%          1    ##.....
b - Animate Skeleton      Necr           N/A          8%          1    ##.....
c - Vampiric Draining     Necr           ###.......   22%         3    ####...

Your spell library contained the following spells:

 Spells                   Type           Power        Failure   Level  Hunger
 Animate Dead             Necr           N/A          58%         4    #####..
 Agony                    Necr           ###.....     91%         5    ######.


Dungeon Overview and Level Annotations

Branches:
Dungeon (3/15)

Altars:


Message History

The orc priest barely misses you.
The orc wizard gestures wildly while chanting.
The orc wizard seems to speed up.
The orc priest hits you but does no damage.
The orc wizard gestures wildly while chanting.
The orc wizard flickers and vanishes!
Deactivating autopickup; reactivate with Ctrl-A.
The orc priest looks satisfied for a moment.
You see here a stone.
The orc priest hits you with a +0 short sword.
* * * LOW HITPOINT WARNING * * *
There is a stone staircase leading up here.
The orc priest hits you but does no damage.
You climb upwards.
Reactivating autopickup.
There is a stone staircase leading down here.
You closely miss the orc priest.
The orc priest is heavily wounded.
The orc priest hits you with a +0 short sword.
You die...

#######################
................@.....#
......####.....o....###
...........##########
......#....#####
...............##
......###..###..##
##########.#..#..##
.....#.....#......#
.......>....#.....######


You could see an orc priest.

Vanquished Creatures
  2 adders (D:3)
  An ooze (D:2)
  4 worms
  A dart slug (D:1)
  3 leopard geckos
  An orc (D:3)
  3 giant cockroaches
  6 goblins
  6 hobgoblins
  A quokka (D:2)
  A ball python (D:1)
  7 bats
  3 frilled lizards
  4 kobolds
  7 rats
50 creatures vanquished.

Notes
Turn   | Place    | Note
-------+----------+-------------------------------------------
     0 | D:1      | Mehrunes the Hill Orc Necromancer began the quest for the
                  | Orb.
     0 | D:1      | Reached XP level 1. HP: 14/14 MP: 3/3
     2 | D:1      | Learned a level 1 spell: Animate Skeleton
   210 | D:1      | Reached skill level 1 in Fighting
   592 | D:1      | Reached XP level 2. HP: 23/23 MP: 1/4
  1567 | D:2      | Reached XP level 3. HP: 14/29 MP: 0/5
  2173 | D:2      | Reached skill level 1 in Armour
  2243 | D:2      | Learned a level 3 spell: Vampiric Draining
  2682 | D:3      | Found a faded altar of an unknown god.
  2690 | D:3      | Reached XP level 4. HP: 34/37 MP: 6/6
  3031 | D:2      | Slain by an orc priest

Levels and vault maps discovered:
D:1:      zaba_arrival_water, layout_basic, st_stairs_8, minmay_misc_feat_alley,
          chequers_serial_rivers_small_3
D:2:      layout_rooms
D:3:      layout_rooms, marbit_many_paths, lemuel_doored_altar,
          chequers_ecumenical_altar_simple, first_ration

Skill      XL: |  1  2  3 |
---------------+----------+-----
Fighting       | 1 2 |  2.8
Armour         | 1 |  1.8
Dodging        | |  1.5
Stealth        | |  1.5
Spellcasting   | |  1.5
Necromancy     | |  4.8

Action                   |  1- 3 |  4- 6 || total
-------------------------+-------+-------++-------
Melee: Unarmed           |     2 |       ||     2
       Spear             |    30 |       ||    30
       Short sword       |       |    17 ||    17
 Cast: Pain              |    79 |    32 ||   111
  Use: Potion            |       |     3 ||     3
  Eat: Chunk             |     7 |     2 ||     9
Armor: Robe              |    12 |       ||    12
       Ring mail         |    12 |    17 ||    29
Dodge: Dodged            |    39 |    25 ||    64

Table legend:
 A = Non-vault XP
 B = Vault XP
 C = Vault XP percentage of total XP
 D = Non-vault monster count
 E = Vault monster count
 F = Vault count percentage of total count
                 A         B        C        D         E       F
            +---------+---------+-------+---------+---------+-------
      Total |     125 |       1 |   0.8 |      49 |       1 |   2.0
            +---------+---------+-------+---------+---------+-------
        D:1 |      26 |       1 |   3.7 |      16 |       1 |   5.9
        D:2 |      45 |       0 |   0.0 |      17 |       0 |   0.0
        D:3 |      54 |       0 |   0.0 |      16 |       0 |   0.0
            +---------+---------+-------+---------+---------+-------
